 Dungeon Crawl Stone Soup version 0.21-a0-221-gfe971b9 (webtiles) character file.

490 corax the Skirmisher (level 6, -3/51 HPs)
             Began as a Mummy Fighter on Aug 26, 2017.
             Was an Initiate of Gozag.
             Slain by an ogre
             ... wielding a +0 giant spiked club
              (22 damage)
             ... on level 4 of the Dungeon.
             The game lasted 00:10:53 (2972 turns).

corax the Skirmisher (Mummy Fighter)                Turns: 2972, Time: 00:10:53

Health: -3/51      AC:  8    Str: 21    XL:     6   Next: 90%
Magic:  6/6        EV:  9    Int:  8    God:    Gozag
Gold:   244        SH:  0    Dex: 11    Spells: 5/5 levels left

rFire    x . .     SeeInvis .   a - +0 war axe
rCold    + . .     Gourm    .   (no shield)
rNeg     + + +     Faith    .   b - +0 scale mail
rPois    ∞         Spirit   .   (no helmet)
rElec    .         Reflect  .   (no cloak)
rCorr    .         Harm     .   j - +0 pair of gloves
MR       .....                  (no boots)
Stlth    ..........             (no amulet)
HPRegen  0.17/turn              (no ring)
MPRegen  0.10/turn              (no ring)

@: no status effects
A: no food or potions, fire vulnerability, cold resistance 1, negative energy
resistance 3, torment resistance, unbreathing
a: Potion Petition, Call Merchant, Bribe Branch, Renounce Religion


You were on level 4 of the Dungeon.
You worshipped Gozag.
Gozag was aware of your devotion.
You were not hungry.

You visited 2 branches of the dungeon, and saw 6 of its levels.

You collected 279 gold pieces.
You paid 35 gold pieces to Gozag.

Inventory:

Hand Weapons
 a - a +0 war axe (weapon)
Armour
 b - a +0 scale mail (worn)
 j - a +0 pair of gloves (worn)
Scrolls
 c - 8 scrolls of identify {unknown}
 d - 2 scrolls of enchant weapon {unknown}
 e - 2 scrolls of remove curse {unknown}
 f - 2 scrolls of teleportation {unknown}
 g - 2 scrolls of recharging {unknown}
 h - a scroll of immolation {unknown}
 i - 2 scrolls of noise {unknown}
 k - a scroll of fear {unknown}
 l - a scroll of blinking {unknown}


   Skills:
 + Level 5.0 Fighting
 + Level 3.8 Axes
 + Level 4.2 Armour
   Level 2.4 Shields


You had 5 spell levels left.
You didn't know any spells.

Dungeon Overview and Level Annotations

Branches:
Dungeon (5/15)             Temple (1/1) D:4

Altars:
Ashenzari
Elyvilon
Fedhas
Gozag
Hepliaklqana
Kikubaaqudgha
Makhleb
Okawaru
Qazlal
Ru
Sif Muna
Trog
Uskayaw
Xom
Yredelemnul
Zin
The Shining One

Annotations:
D:3 Sigmund


Innate Abilities, Weirdness & Mutations

You do not eat or drink.
Your flesh is vulnerable to fire.
You are immune to poison.
Your flesh is cold resistant. (rC+)
You are immune to negative energy. (rN+++)
You are immune to unholy pain and torment.
You can survive without breathing.


Message History

An ogre comes into view. It is wielding a giant spiked club.
Search for what [? for help]? toma Unknown command.
Unknown command.
There is an open door here.
The ogre hits you with a giant spiked club!!
You closely miss the ogre. The ogre closely misses you.
You slash the ogre!
The ogre is moderately wounded.
The ogre hits you with a giant spiked club!
You hit the ogre but do no damage.
The ogre is moderately wounded.
The ogre hits you but does no damage.
You hit the ogre.
The ogre is heavily wounded.
You barely miss the ogre.
The ogre is heavily wounded.
The ogre hits you with a giant spiked club!!
You die...
Your body crumbles into a pile of gold.

#.....#.####.#.#####.
#.....#.# #.#.#####.
#.....#.# #.......#.
#.....#.####.#####.#.
#.....#.#.......##.#.
#.....#.#.##.##.##.#.
#...............##.#.
#..O.#....#...####.#.
######...@#....#........##
#.......<.'....#....##..##
#.........####..#.........
#.........# #..###.##..##
#.........####..###..#..##
#............#.......#..#.
####.........#..##.#.#..#.
#.........#.###........
#########.........#.#
#...##.#.


You could see an ogre.

Vanquished Creatures
  A phantom (D:4)
  A howler monkey (D:4)
  2 centaur skeletons (D:4)
  A hound (D:4)
  2 orc priests (D:4)
  Jessica (D:4)
  Natasha (twice) (D:2)
  2 hound skeletons (D:4)
  Robin (D:4)
  2 adders
  A gnoll (D:4)
  An ooze (D:1)
  A dart slug (D:2)
  6 leopard geckos
  2 orcs
  3 bats
  4 giant cockroaches
  9 goblins
  10 hobgoblins
  4 jackals (D:2)
  A quokka (D:4)
  A frilled lizard (D:4)
  10 kobolds
  5 rats
73 creatures vanquished.

Vanquished Creatures (others)
  A bat (D:1)
1 creature vanquished.

Grand Total: 74 creatures vanquished

Notes
Turn   | Place    | Note
-------+----------+-------------------------------------------
     0 | D:1      | corax the Mummy Fighter began the quest for the Orb.
     0 | D:1      | Reached XP level 1. HP: 18/18 MP: 1/1
   144 | D:1      | Reached XP level 2. HP: 24/24 MP: 2/2
   396 | D:1      | Reached XP level 3. HP: 22/29 MP: 3/3
   944 | D:2      | Found an ancient bone altar of Kikubaaqudgha.
  1104 | D:2      | Found a faded altar of an unknown god.
  1152 | D:2      | Noticed Natasha
  1157 | D:2      | Killed Natasha
  1157 | D:2      | Reached XP level 4. HP: 28/37 MP: 4/4
  1186 | D:2      | Noticed Natasha
  1195 | D:2      | Killed Natasha
  1381 | D:3      | Noticed Sigmund
  1413 | D:3      | Noticed Jessica
  1462 | D:4      | Found a staircase to the Ecumenical Temple.
  1472 | D:4      | Reached skill level 4 in Fighting
  1502 | Temple   | Entered the Ecumenical Temple
  1726 | Temple   | Became a worshipper of Gozag Ym Sagoz the Greedy
  1778 | D:4      | Killed Jessica
  1778 | D:4      | Reached XP level 5. HP: 37/42 MP: 5/5
  1823 | D:5      | Entered Level 5 of the Dungeon
  1888 | D:4      | Noticed Robin
  1964 | D:4      | Killed Robin
  1966 | D:4      | Reached XP level 6. HP: 42/49 MP: 6/6
  2898 | D:4      | Found a burning altar of Makhleb.
  2912 | D:4      | Reached skill level 5 in Fighting
  2972 | D:4      | Slain by an ogre

Vault maps used:
D:1:      ncdulo_wetmaze
D:2:      nicolae_overflow_hidden_temple, chequers_ecumenical_altar_twisty,
          corexii_corridor_pit, minmay_stone_trees_small, uniq_natasha
D:3:      roderic_lattice_a, grunt_ministairs_13, uniq_purgy, uniq_sigmund,
          uniq_jessica
D:4:      makhleb_heckhound_becter, temple_fountains, first_bread, uniq_robin
D:5:      small_statue_intersection
Temple:   regret_index_temple_generic_petals

Skill      XL: |  1  2  3  4  5  6 |
---------------+-------------------+-----
Axes           | 2 3 |  3.8
Armour         | 3 4 |  4.2
Fighting       | 4 5 |  5.0
Shields        | |  2.4

Action                   |  1- 3 |  4- 6 || total
-------------------------+-------+-------++-------
Melee: War axe           |   105 |   161 ||   266
Invok: Potion Petition   |       |     1 ||     1
Armor: Scale mail        |    67 |   100 ||   167
Dodge: Dodged            |    74 |    98 ||   172

Table legend:
 A = Spawn XP
 B = Non-spawn XP
 C = Spawn XP percentage of total XP
 D = Spawn monster count
 E = Non-spawn monster count
 F = Spawn count percentage of total count
 G = Total turns spent on level
                    A         B        C        D         E        F      G
               +---------+---------+-------+---------+---------+-------+---------
         Total |      29 |     671 |   4.1 |       3 |      70 |   4.1 |  2972
               +---------+---------+-------+---------+---------+-------+---------
           D:1 |       1 |      37 |   2.6 |       1 |      18 |   5.3 |   555
           D:2 |      14 |     101 |  12.2 |       1 |      17 |   5.6 |   750
           D:3 |       0 |       7 |   0.0 |       0 |       5 |   0.0 |   102
           D:4 |      14 |     523 |   2.6 |       1 |      29 |   3.3 |  1011
           D:5 |       0 |       3 |   0.0 |       0 |       1 |   0.0 |   116
               +---------+---------+-------+---------+---------+-------+---------
